 Dungeon Crawl Stone Soup version 0.17.1-3-g152610e (webtiles) character file.

802 Murumi the Covered (level 8, -2/61 HPs)
             Began as a Formicid Fighter on Mar 31, 2016.
             Was an Initiate of Elyvilon.
             Slain by an orc warrior
             ... wielding a +0 glaive
              (18 damage)
             ... on level 5 of the Dungeon.
             The game lasted 00:27:10 (4804 turns).

Murumi the Covered (Formicid Fighter)               Turns: 4804, Time: 00:27:10

Health: -2/61      AC: 17    Str: 23    XL:     8   Next: 14%
Magic:  11/11      EV: 12    Int:  8    God:    Elyvilon [......]
Gold:   274        SH: 11    Dex: 15    Spells: 0 memorised, 7 levels left

rFire  . . .     SeeInvis +     a - +1 long sword
rCold  + . .     Clarity  .     k - +0 plate armour
rNeg   . . .     SustAt   .     c - +1 shield
rPois  .         Gourm    .     (helmet unavailable)
rElec  .         Spirit   .     o - +0 cloak
rCorr  .         Warding  .     z - +0 pair of gloves (curse)
rMut   .         Stasis   +     d - +1 pair of boots
MR     .....                    (no amulet)
Stlth  ..........               y - ring of see invisible (curse)
                                f - ring of protection from cold

@: agile, not resistant to hostile enchantments, extremely unstealthy
A: permanent stasis, dig shafts and tunnels, four strong arms, antennae 3
a: Dig, Shaft Self, Renounce Religion


You were on level 5 of the Dungeon.
You worshipped Elyvilon.
Elyvilon was noncommittal.
You were hungry.

You visited 2 branches of the dungeon, and saw 7 of its levels.

You collected 274 gold pieces.

Inventory:

Hand Weapons
 a - a +1 long sword (weapon)
Missiles
 l - 26 bolts
Armour
 c - a +1 shield (worn)
 d - a +1 pair of boots (worn)
 k - a +0 plate armour (worn)
 o - a +0 cloak (worn)
 z - a cursed +0 pair of gloves (worn)
Jewellery
 f - a ring of protection from cold (left hand)
 n - an uncursed ring of flight
 w - an uncursed ring of wizardry
 x - an uncursed amulet of resist mutation {unknown}
 y - a cursed ring of see invisible (right hand)
Scrolls
 h - 3 scrolls of enchant armour
 u - 2 scrolls of recharging
 v - 2 scrolls of magic mapping
Potions
 b - a potion of cancellation
 g - a potion of heal wounds
 j - 2 potions of curing
 p - a potion of brilliance
 q - 2 potions of lignification
 r - a potion of cure mutation
 s - a potion of magic
 A - a potion of might
Comestibles
 e - 6 bread rations
 i - 4 meat rations
 m - 2 slices of pizza


   Skills:
 - Level 4.5 Fighting
 - Level 4.0 Long Blades
 - Level 5.1 Armour
 - Level 3.5 Dodging
 - Level 5.0 Shields
 + Level 4.0 Invocations


You had 7 spell levels left.
You didn't know any spells.

Dungeon Overview and Level Annotations

Branches:
Dungeon (6/15)             Temple (1/1) D:5

Altars:
Cheibriados
Dithmenos
Elyvilon
Fedhas
Kikubaaqudgha
Nemelex Xobeh
Okawaru
Ru
Sif Muna
Trog
Xom
Yredelemnul
The Shining One

Shops:
D:5 }


Innate Abilities, Weirdness & Mutations

You are under a permanent stasis effect.
You can dig through walls and to a lower floor.
Your four strong arms can wield two-handed weapons with a shield.
You have a pair of large antennae on your head (SInv).


Message History

The orc warrior is moderately wounded.
The orc warrior barely misses you.
You completely miss the orc warrior.
The orc warrior is moderately wounded.
The orc warrior closely misses you.
Your plate armour prevents you from hitting the orc warrior.
The orc warrior is moderately wounded.
The orc warrior hits you with a glaive.
* * * LOW HITPOINT WARNING * * *
Drink which item? (? for menu, Esc to quit)
Okay, then.
You hit the orc warrior but do no damage.
The orc warrior is moderately wounded.
You block the orc warrior's attack.
You slash the orc warrior!
The orc warrior is severely wounded.
You closely miss the orc warrior.
The orc warrior is severely wounded.
The orc warrior hits you with a glaive!!
You die...

##...#.....[..##...P......
#####..#####.....♣♣..###.
####...#####......## ##
#......).........#####.
####...................
#....>.............. #####
###......#.#######..
#...####o##...##..# ###
#...()#{#@#.......###
#...#..####..###....###
#####.>#.....# ###....#
#...o.#.### ##.#.####
#...###.# #....... #...#
#.# #....... #...###.####
#....... #...#.....(###
#......<
#...#........######....


You could see an orc warrior.

Vanquished Creatures
  A centaur (D:5)
  3 ogres
  A scorpion (D:4)
  A crimson imp (D:4)
  2 hounds (D:4)
  Crazy Yiuf (D:2)
  An orc priest (D:5)
  3 worker ants (D:5)
  6 adders
  4 gnolls (D:2)
  An ooze (D:3)
  2 adder skeletons (D:4)
  6 worms
  12 orcs
  7 bats
  4 giant cockroaches
  14 goblins
  6 hobgoblins
  6 kobolds
  3 ball pythons
  4 giant geckos
  4 giant newts
  3 jackals (D:5)
  13 rats
  A plant (D:2)
109 creatures vanquished.

Vanquished Creatures (others)
  A human (D:2)
1 creature vanquished.

Grand Total: 110 creatures vanquished

Notes
Turn   | Place    | Note
--------------------------------------------------------------
     0 | D:1      | Murumi the Formicid Fighter began the quest for the Orb.
     0 | D:1      | Reached XP level 1. HP: 18/18 MP: 1/1
    32 | D:1      | Reached skill level 1 in Dodging
    64 | D:1      | Reached XP level 2. HP: 24/24 MP: 2/2
   634 | D:2      | Reached skill level 4 in Shields
   634 | D:2      | Reached XP level 3. HP: 13/29 MP: 3/3
  1061 | D:2      | Reached XP level 4. HP: 21/35 MP: 4/4
  1064 | D:2      | Reached skill level 5 in Shields
  1281 | D:2      | Found an iron altar of Okawaru.
  1309 | D:2      | Found an ancient bone altar of Kikubaaqudgha.
  1309 | D:2      | Noticed a human
  1313 | D:2      | Killed a human
  1314 | D:2      | Found a snail-covered altar of Cheibriados.
  1314 | D:2      | Found a glowing golden altar of the Shining One.
  1314 | D:2      | Found a sparkling altar of Nemelex Xobeh.
  1436 | D:2      | Noticed Crazy Yiuf
  1456 | D:2      | Killed Crazy Yiuf
  1456 | D:2      | Reached XP level 5. HP: 9/41 MP: 0/5
  2590 | D:3      | Found a deep blue altar of Sif Muna.
  3115 | D:4      | Noticed an ogre
  3121 | D:4      | Killed an ogre
  3121 | D:4      | Reached XP level 6. HP: 46/49 MP: 6/6
  3741 | D:4      | Reached XP level 7. HP: 55/55 MP: 7/7
  3841 | D:5      | Entered Level 5 of the Dungeon
  3858 | D:4      | Reached skill level 5 in Armour
  3907 | D:5      | Found a staircase to the Ecumenical Temple.
  3934 | Temple   | Entered the Ecumenical Temple
  3974 | Temple   | Became a worshipper of Elyvilon the Healer
  4437 | D:5      | Reached XP level 8. HP: 61/61 MP: 10/10
  4611 | D:5      | Found Oreingih's Gadget Shop.
  4804 | D:5      | Slain by an orc warrior

Action                   |  1- 3 |  4- 6 |  7- 9 || total
-------------------------+-------+-------+-------++-------
Melee: Long sword        |   122 |   212 |   140 ||   474
 Abil: Dig               |     1 |     1 |     2 ||     4
  Use: Scroll            |     5 |     9 |     4 ||    18
       Potion            |       |     1 |     1 ||     2
  Eat: Chunk             |     1 |     7 |     4 ||    12
       Beef jerky        |       |     1 |       ||     1
